 Dungeon Crawl Stone Soup version 0.30.1-9-gdf580d7c3d (webtiles) character file.

Game seed: 7964008819375227556

19 CaptainMV the Sneak (level 2, 0/22 HPs)
             Began as a Naga Wanderer on Oct 12, 2023.
             Slain by a bat (1 damage)
             ... on level 1 of the Dungeon.
             The game lasted 00:08:37 (362 turns).

CaptainMV the Sneak (Naga Wanderer)                  Turns: 362, Time: 00:08:37

Health: 0/22       AC:  2    Str: 14    XL:     2   Next: 75%
Magic:  0/4        EV:  9    Int: 15    God:
Gold:   39         SH:  0    Dex:  7    Spells: 1/3 levels left

rFire   . . .        a - +0 whip
rCold   . . .        (no shield)
rNeg    . . .        c - +0 robe
rPois   +            (no helmet)
rElec   .            (no cloak)
rCorr   .            d - +0 pair of gloves
SInv    +            (no barding)
Will    .....        (no amulet)
Stlth   ++           (no ring)
HPRegen 0.23/turn    (no ring)
MPRegen 0.09/turn

%: no passive effects
@: short of breath, very slow
A: AC +0, large, see invisible, deformed body, poison resistance, slowness 2,
spit poison 1, naga tail 1
a: Spit Poison


You were on level 1 of the Dungeon.
You visited 1 branch of the dungeon, and saw 1 of its levels.

You collected 39 gold pieces.

Inventory:

Hand Weapons
 a - a +0 whip (weapon)
Armour
 c - a +0 robe (worn)
 d - a +0 pair of gloves (worn)
Scrolls
 b - a scroll of blinking


   Skills:
 + Level 0.1 Maces & Flails
 + Level 1.0 Throwing
 + Level 1.0 Armour
 + Level 4.9 Stealth
 + Level 1.3 Spellcasting
 + Level 0.2 Transmutations
 + Level 3.3 Earth Magic
 + Level 1.5 Poison Magic


You had one spell level left.
You knew the following spells:

 Your Spells              Type           Power      Damage    Failure   Level
a - Sandblast             Erth           22%        2d7       6%          1
b - Sting                 Tmut/Pois      12%        1d3       17%         1

Your spell library contained the following spells:

 Spells                   Type           Power      Damage    Failure   Level
 Passwall                 Tmut/Erth      5%         N/A       17%         2
 Ignite Poison            Fire/Tmut/Pois 2%         N/A       50%         3
 Petrify                  Tmut/Erth      6%         N/A       75%         4


Dungeon Overview and Level Annotations

Branches:
Dungeon (1/15)

Altars:

Shops:
D:1 (*(


Innate Abilities, Weirdness & Mutations

Your serpentine skin is tough. (AC +0)
You have supernaturally acute eyesight. (SInv)
Armour fits poorly on your strangely shaped body.
Your system is resistant to poisons. (rPois)
You cover ground very slowly.
You can spit poison.
You have a snake-like lower body.


Message History

The bat closely misses you.
You hit the hobgoblin but do no damage.
The hobgoblin is severely wounded.
The bat closely misses you. The rat bites you. The hobgoblin hits you.
* * * LOW HITPOINT WARNING * * *
Aiming: Spit Poison (2% risk of failure)
Press: ? - help, Shift-Dir - straight line, f - rat, p - bat
Aim: a rat (59% to hit)
The splash of poison hits the rat!
You kill the rat!
The hobgoblin looks more healthy.
The bat misses you.
The hobgoblin hits you but does no damage.
You barely miss the hobgoblin.
The hobgoblin is severely wounded.
The bat hits you.
* * * LOW HITPOINT WARNING * * *
The hobgoblin hits you but does no damage.
You hit the hobgoblin but do no damage.
The hobgoblin is heavily wounded.
The hobgoblin hits you.
* * * LOW HITPOINT WARNING * * *
The bat hits you but does no damage. The hobgoblin hits you.
* * * LOW HITPOINT WARNING * * *
Casting: Sting (safe; 17% risk of failure)
Confirm with . or Enter, or press ? or * to list all spells.
Aiming: Sting (safe; 17% risk of failure)
Press: ? - help, Shift-Dir - straight line, f - hobgoblin
Aim: a hobgoblin (heavily wounded, 64% to hit)
The sting misses the hobgoblin.
The bat hits you but does no damage. x2
The hobgoblin barely misses you.
You hit the hobgoblin but do no damage.
The hobgoblin is heavily wounded.
You have got your breath back.
The bat misses you. The hobgoblin closely misses you.
Aiming: Spit Poison (2% risk of failure)
Press: ? - help, Shift-Dir - straight line, f/p - hobgoblin
Aim: a hobgoblin (heavily wounded, 59% to hit)
The splash of poison misses the hobgoblin.
The bat hits you.
You die...

.....#...#.....#. #......'.....#.
.........#.###.##.##############.
....##.#........#.. +....... #.#
#..##..##?..... +.......
#.##..#####... +.......
#.##.#.......> #######'
#...##.........## #..
#..###..........# #.. #.#
........b@.# #.. #. #.......†g†#
#.. #. .........# ### .
.........# . (......$..
........... .....?...##
...>.....#


You could see a hobgoblin and a bat.

Vanquished Creatures
  2 bats (D:1)
  2 endoplasms (D:1)
  A giant cockroach (D:1)
  2 goblins (D:1)
  3 hobgoblins (D:1)
  2 kobolds (D:1)
  A quokka (D:1)
  3 rats (D:1)
16 creatures vanquished.

Notes
Turn   | Place    | Note
-------+----------+-------------------------------------------
     0 | D:1      | CaptainMV the Naga Wanderer began the quest for the Orb.
     0 | D:1      | CaptainMV set off with the following items: a +0 club, a
                  | scroll of blinking, a +0 robe, a +0 pair of gloves; and the
                  | following spells available to memorise: Sandblast, Sting,
                  | Passwall, Ignite Poison, Petrify.
     0 | D:1      | Reached XP level 1. HP: 15/15 MP: 2/2
     2 | D:1      | Learned a level 1 spell: Sandblast
     4 | D:1      | Learned a level 1 spell: Sting
   179 | D:1      | Found Meotunyu's Weapon Boutique.
   217 | D:1      | Reached XP level 2. HP: 22/22 MP: 0/3
   250 | D:1      | Found Enari's General Store.
   300 | D:1      | Found Lerunkat's Weapon Boutique.
   359 | D:1      | HP: 1/22 [hobgoblin (3)]
   362 | D:1      | Slain by a bat

Illustrated notes

Levels and vault maps discovered:
D:1:      minmay_arrival_widening_spiral_wide, layout_rooms, serial_shops, shop,
          shop, shop, interstate_on_off

Action                     || total
---------------------------++-------
  Melee: Whip              ||    32
   Cast: Sting             ||    12
         Sandblast         ||     6
Ability: Spit Poison       ||     4
    Use: Scroll            ||     1
   Stab: Sleeping          ||     2
 Armour: Robe              ||    17
  Dodge: Dodged            ||    35
